 Dungeon Crawl Stone Soup version 0.29.1-2-gbd0b4ee654 (webtiles) character file.

Game seed: 13915808071807670660

26 LustLizard the Chopper (level 3, 0/33 HPs)
             Began as a Hill Orc Monk on Nov 15, 2022.
             Slain by a jackal (3 damage)
             ... on level 1 of the Dungeon.
             The game lasted 00:02:44 (1181 turns).

LustLizard the Chopper (Hill Orc Monk)              Turns: 1181, Time: 00:02:44

Health: 0/33       AC:  2    Str: 15    XL:     3   Next: 8%
Magic:  3/3        EV: 12    Int: 10    God:
Gold:   70         SH:  0    Dex: 13    Spells: 2/2 levels left

rFire   . . .      SeeInvis .   a - +0 hand axe
rCold   . . .      Faith    .   (no shield)
rNeg    . . .      Spirit   .   b - +0 robe
rPois   .          Reflect  .   (no helmet)
rElec   .          Harm     .   d - scarf {+Inv}
rCorr   .          Rampage  .   (no gloves)
Will    .....                   (no boots)
Stlth   ++........              (no amulet)
HPRegen 0.11/turn               (no ring)
MPRegen 0.08/turn               (no ring)

@: no status effects
A: no striking features
a: Evoke Invisibility


You were on level 1 of the Dungeon.
You visited 1 branch of the dungeon, and saw 1 of its levels.

You collected 70 gold pieces.

Inventory:

Hand Weapons
 a - a +0 hand axe (weapon)
Missiles
 e - 11 stones (quivered)
Armour
 b - a +0 robe (worn)
 d - a scarf of invisibility (worn)
Scrolls
 g - a scroll of amnesia {unknown}
 h - a scroll of summoning {unknown}
Potions
 c - a potion of ambrosia
 f - a potion of flight {unknown}
 i - a potion of attraction {unknown}


   Skills:
 + Level 3.8 Fighting
 * Level 4.6 Axes
 * Level 0.6 Throwing
 + Level 2.6 Dodging
 + Level 1.9 Stealth


You had 2 spell levels left.
You didn't know any spells.
Your spell library was empty.

Dungeon Overview and Level Annotations

Branches:
Dungeon (1/15)

Altars:


Message History

You hit the jackal but do no damage. You barely miss the jackal.
You closely miss the jackal.
The jackal bites you but does no damage.
The jackal bites you. x2
The jackal bites you but does no damage.
The jackal barely misses you. The jackal bites you.
The jackal barely misses you.
You hit the jackal.
The jackal is severely wounded.
You hit the jackal. x2; You closely miss the jackal.
The jackal bites you. x3
The jackal completely misses you. The jackal closely misses you.
You hit the jackal.
You kill the jackal!
You completely miss the jackal. You barely miss the jackal.
You hit the jackal but do no damage. The jackal completely misses you.
The jackal bites you.
The jackal misses you. x2; The jackal bites you.
You hit the jackal.
The jackal is heavily wounded.
You hit the jackal. You hit the jackal but do no damage.
The jackal barely misses you. The jackal bites you. x2
The jackal bites you but does no damage.
You hit the jackal but do no damage.
The jackal is heavily wounded.
You hit the jackal but do no damage. You closely miss the jackal.
The jackal closely misses you. The jackal bites you. x3
* * * LOW HITPOINT WARNING * * *
The jackal closely misses you.
You barely miss the jackal.
The jackal is heavily wounded.
You miss the jackal. x2; The jackal bites you.
* * * LOW HITPOINT WARNING * * *
The jackal closely misses you. The jackal bites you.
* * * LOW HITPOINT WARNING * * *
The jackal bites you but does no damage.
You barely miss the jackal.
The jackal is heavily wounded.
You closely miss the jackal. You barely miss the jackal. The jackal bites you.
* * * LOW HITPOINT WARNING * * *
The jackal bites you.
You die...

#.................###### #
#........########## #.
#......### ###### #..
#.[....# ########......
.#... #......#
#............. .....
#....... #............?
..###
#........#............(
###+###
#......#.#.....hh.......
#.....#
+.....@........##.....#
####...!..h####....#.....÷
#.....###### ###.#.....†
#.....))..# # ..........#
#.....###.## #.###.......#
#.....# #..###............
#.....# ##......#.........
#.....# #...##........[..
#.....# #.#.##..##.._....


You could see 3 jackals.

Vanquished Creatures
  2 ball pythons (D:1)
  2 endoplasms (D:1)
  3 giant cockroaches (D:1)
  4 hobgoblins (D:1)
  A jackal (D:1)
  2 kobolds (D:1)
  A quokka (D:1)
  2 bats (D:1)
  A frilled lizard (D:1)
  2 goblins (D:1)
  2 rats (D:1)
22 creatures vanquished.

Notes
Turn   | Place    | Note
-------+----------+-------------------------------------------
     0 | D:1      | LustLizard the Hill Orc Monk began the quest for the Orb.
     0 | D:1      | Reached XP level 1. HP: 19/19 MP: 1/1
   218 | D:1      | Reached XP level 2. HP: 20/27 MP: 2/2
   771 | D:1      | Found a faded altar of an unknown god.
  1089 | D:1      | Reached XP level 3. HP: 25/33 MP: 3/3
  1181 | D:1      | Slain by a jackal

Illustrated notes

Levels and vault maps discovered:
D:1:      saegor_arrival_simple_c, layout_basic,
          ebering_ecumenical_altar_sacrificial

Action                   || total
-------------------------++-------
Melee: Hand axe          ||   114
       Punch             ||     1
 Stab: Sleeping          ||     2
Armor: Robe              ||    22
Dodge: Dodged            ||   102
